 Dungeon Crawl Stone Soup version 0.17-a0-1793-gcbb3aa1 (webtiles) character file.

151 luca467 the Insei (level 5, -5/42 HPs)
             Began as a Demonspawn Monk on Sept 9, 2015.
             Killed by divine providence
             ... invoked by an orc priest
              (16 damage)
             ... on level 3 of the Dungeon.
             The game lasted 00:12:00 (2799 turns).

luca467 the Insei (Demonspawn Monk)                 Turns: 2799, Time: 00:12:01

Health: -5/42      AC:  7    Str: 11    XL:     5   Next: 10%
Magic:  5/5        EV: 13    Int: 12    God:
Gold:   127        SH:  0    Dex: 16    Spells: 0 memorised, 4 levels left

rFire  + . .     SeeInvis .       - Unarmed
rCold  . . .     Clarity  .     a - +0 robe
rNeg   . . .     SustAt   .     (no shield)
rPois  .         Gourm    .     (no helmet)
rElec  .         Spirit   .     j - +0 cloak
rCorr  .         Warding  .     (no gloves)
rMut   .         Stasis   .     (no boots)
MR     .....                    (no amulet)
Stlth  ++........               (no ring)
                                (no ring)

@: not resistant to hostile enchantments, unstealthy
A: iridescent scales 1, fire resistance 1, flame cloud immunity
a: no special abilities


You were on level 3 of the Dungeon.
You were not hungry.

You visited 1 branch of the dungeon, and saw 3 of its levels.

You collected 127 gold pieces.

Inventory:

Armour
 a - a +0 robe (worn)
 j - a +0 cloak (worn)
Scrolls
 c - a scroll of magic mapping {unknown}
 e - 2 scrolls of enchant weapon {unknown}
 h - a scroll of blinking {unknown}
 i - a scroll of immolation {unknown}
 k - 2 scrolls of amnesia {unknown}
 n - a scroll of enchant armour {unknown}
 p - a scroll of teleportation {unknown}
 t - a scroll of identify {unknown}
Potions
 d - a potion of magic {unknown}
 l - 3 potions of curing {unknown}
 m - a potion of heal wounds {unknown}
 q - a potion of might {unknown}
 r - a potion of resistance {unknown}
 s - 2 potions of mutation {unknown}
 v - a potion of agility {unknown}
Comestibles
 b - 2 bread rations
 f - 9 fruits
 g - a meat ration
 o - a slice of pizza
 u - a royal jelly
 w - a chunk of flesh


   Skills:
 + Level 3.8 Fighting
 + Level 3.3 Dodging
 + Level 2.8 Stealth
 * Level 4.5 Unarmed Combat


You had 4 spell levels left.
You didn't know any spells.

Dungeon Overview and Level Annotations

Branches:
Dungeon (3/15)

Altars:
Kikubaaqudgha
Qazlal


Innate Abilities, Weirdness & Mutations

You are partially covered in iridescent scales (AC +4).
Your flesh is heat resistant.
You are immune to clouds of flame.


Message History

The orc hits you with a flail of protection.
You hit the orc but do no damage. You hit the orc.
The orc is moderately wounded.
The orc hits you with a flail of protection.
You hit the orc but do no damage.
The orc is moderately wounded.
The orc hits you with a flail of protection!
Items here: ( )) รท a dagger; a hunting sling; 21 stones; a goblin skeleton The orc priest calls down the wrath of Beogh upon you.
Something smites you!
* * * LOW HITPOINT WARNING * * *
You barely miss the orc.
The orc is moderately wounded.
The orc hits you with a flail of protection.
* * * LOW HITPOINT WARNING * * *
The orc priest mumbles some strange prayers to Beogh against you.
Something smites you!
You die...

#.###..## #..# #.. #..#
#.# #.o# #.# #.o# #.#
######### #o)# #.#
......... #..# #####.#
######.#
#..#####.....##.# #.#
#....oo.o.o.@...# #.#
##.#####.#####..# #.#
######(# #.# #..#
#####.# #......# #.#
#..# #.....# #.######
#.# ###..## #.##### #.#
#.# #.....# #.# #.# #.#
#.....# #.# #.#
##.###.....######.#####
#.#
#.....................#


You could see an orc priest and 3 orcs.

Vanquished Creatures
  3 gnolls (D:2)
  7 adders
  An ooze (D:1)
  A worm (D:2)
  An orc (D:3)
  4 bats
  2 giant cockroaches
  5 hobgoblins
  3 jackals (D:1)
  4 quokkas
  4 giant newts
  8 goblins
  5 kobolds
  11 rats
59 creatures vanquished.

Notes
Turn   | Place    | Note
--------------------------------------------------------------
     0 | D:1      | luca467 the Demonspawn Monk began the quest for the Orb.
     0 | D:1      | Reached XP level 1. HP: 18/18 MP: 1/1
   458 | D:1      | Gained mutation: You are partially covered in iridescent scales (AC +4). [demonic ancestry]
   458 | D:1      | Reached XP level 2. HP: 10/24 MP: 2/2
   987 | D:1      | Reached skill level 4 in Unarmed Combat
  1142 | D:1      | Reached XP level 3. HP: 29/29 MP: 3/3
  1280 | D:2      | Found a stormy altar of Qazlal.
  1393 | D:2      | Found an ancient bone altar of Kikubaaqudgha.
  1891 | D:2      | Gained mutation: Your flesh is heat resistant. [demonic ancestry]
  1891 | D:2      | Reached XP level 4. HP: 16/35 MP: 4/4
  2688 | D:3      | Gained mutation: You are immune to clouds of flame. [demonic ancestry]
  2688 | D:3      | Reached XP level 5. HP: 36/42 MP: 5/5
  2799 | D:3      | Killed from afar by an orc priest

Vault maps used:
D:1:      mrwooster_arrival_statue_2
D:2:      nicolae_overflow_hidden_temple, kiku_gazebo_pond_becter

Action                   |  1- 3 |  4- 6 || total
-------------------------+-------+-------++-------
Melee: Unarmed           |   146 |    61 ||   207
 Stab: Sleeping          |     5 |     2 ||     7
  Eat: Chunk             |     3 |     3 ||     6
